 Dungeon Crawl Stone Soup version 0.27.1 (webtiles) character file.

Game seed: 4736341639547627420

1937 pkoi the Ruffian (level 8, 0/111 HPs)
             Began as a Troll Fighter on Aug 25, 2021.
             Was a Believer of Nemelex Xobeh.
             Killed by nerve-wracking pain
             ... invoked by Menkaure
              (13 damage)
             ... on level 7 of the Dungeon.
             The game lasted 00:07:38 (4835 turns).

pkoi the Ruffian (Troll Fighter)                    Turns: 4835, Time: 00:07:39

Health: 0/111      AC:  8    Str: 26    XL:     8   Next: 97%
Magic:  10/10      EV:  8    Int: 11    God:    Nemelex Xobeh [**....]
Gold:   141        SH: 10    Dex:  9    Spells: 7/7 levels left

rFire    . . .     SeeInvis .     - Unarmed
rCold    . . .     Faith    .   b - +0 kite shield
rNeg     . . .     Spirit   .   a - +0 robe
rPois    .         Reflect  .   t - +2 hat
rElec    .         Harm     .   k - +1 cloak "Zuot" {Int+6}
rCorr    .         Rampage  .   (gloves unavailable)
Will     .....                  (boots unavailable)
Stlth    ..........             j - amulet of regeneration
HPRegen  2.28/turn              (no ring)
MPRegen  0.12/turn              (no ring)

@: berserking, studying Throwing, very quick
A: large, unfitting armour, claws 3, regeneration 1, shaggy fur 1, tough skin 1
a: Renounce Religion, Draw Escape, Draw Destruction, Draw Summoning


You were on level 7 of the Dungeon.
You worshipped Nemelex Xobeh.
Nemelex Xobeh was pleased with you.
You visited 2 branches of the dungeon, and saw 8 of its levels.

You collected 351 gold pieces.
You spent 210 gold pieces at shops.

Inventory:

Hand Weapons
 h - the +5 hand axe of Veluru {flame, rC++}
   (You found it on level 1 of the Dungeon)

   It burns those it strikes, dealing additional fire damage.
   Big, fiery blades are also staple armaments of hydra-hunters.
   rC:        It greatly protects you from cold.
Missiles
 d - 3 boomerangs (quivered)
 l - 2 throwing nets
Armour
 a - a +0 robe (worn)
 b - a +0 kite shield (worn)
 k - the +1 cloak "Zuot" (worn) {Int+6}
   (You acquired it on level 3 of the Dungeon)

   Int:       It affects your intelligence (+6).
 t - a +2 hat (worn)
Jewellery
 j - an amulet of regeneration (around neck)
Wands
 r - a wand of polymorph (8)
 s - a wand of flame (20)
Scrolls
 i - a scroll of amnesia
 o - a scroll of holy word
Potions
 c - a potion of might
 e - a potion of berserk rage
 f - a potion of resistance
 g - a potion of flight
 m - 5 potions of curing
 n - 3 potions of heal wounds
 p - a potion of haste


   Skills:
 - Level 2.4 Fighting
 + Level 6.9 Throwing
 - Level 2.4 Dodging
 + Level 5.0 Shields
 * Level 7.8 Unarmed Combat
 + Level 4.0 Invocations


You had 7 spell levels left.
You didn't know any spells.
Your spell library was empty.

Dungeon Overview and Level Annotations

Branches:
Dungeon (7/15)             Temple (1/1) D:4

Altars:
Ashenzari
Dithmenos
Fedhas
Gozag
Hepliaklqana
Kikubaaqudgha
Makhleb
Nemelex Xobeh
Okawaru
Ru
Sif Muna
Trog
Uskayaw
Vehumet
Wu Jian
Xom
Yredelemnul
Zin
The Shining One

Shops:
D:5 [

Annotations:
D:7 Menkaure


Innate Abilities, Weirdness & Mutations

You are too large for most types of armour.
You have claws for hands.
Your natural rate of healing is unusually fast.
You are covered in fur. (AC +1)
You have tough skin. (AC +1)


Message History

You block the bat's attack.
The sky beast is engulfed in noxious fumes.
The sky beast appears confused.
The sky beast flickers out of sight!
Deactivating autopickup; reactivate with Ctrl-A.
The goblin is engulfed in noxious fumes.
The goblin appears confused.
The goblin laughs at nothing.
Menkaure hits you!
* * * LOW HITPOINT WARNING * * *
The bat is engulfed in noxious fumes.
The bat appears confused.
The goblin is engulfed in noxious fumes.
The goblin appears confused.
The goblin dies!
Unknown command.
You barely miss Menkaure.
Menkaure is moderately damaged.
You feel yourself speed up.
You feel sick.
Menkaure calls on the powers of darkness!
Something is bathed in an unholy light!
Your body is wracked with pain!
* * * LOW HITPOINT WARNING * * *
The bat barely misses you. You block Menkaure's attack.
You scratch Menkaure.
Menkaure is heavily damaged.
Menkaure calls on the powers of darkness!
Something is bathed in an unholy light!
Your body is wracked with pain!
* * * LOW HITPOINT WARNING * * *
Unknown command.
A red film seems to cover your vision as you go berserk!
You feel yourself moving faster!
You feel mighty!
You feel sick.
Menkaure giggles, "These cerements are ticklish..."
Menkaure completely misses you.
You claw Menkaure!
Menkaure is almost destroyed.
You feel sick.
You are no longer poisoned.
Menkaure gestures at you while chanting.
Pain shoots through your body!
You die...
Your body glows slightly and disappears.

#.........#..........##
#.....#..##.....##.### #
..##....####...#..##. #.
####..###?...........
#..#..............##....
##.!.............####..#
#................# #.##
##...............# ....
##..).@)....... ......
#...b.M....>.........)
#..)..#).....$........
#.....#.............
#............. ###.....
..... ##.... .....
###... ....


You could see Menkaure (fast) and a bat (confused, misshapen).

Vanquished Creatures
  A swamp drake (D:7)
  2 orc warriors (D:6)
  2 black bears
  2 ogres
  A necrophage (D:5)
  A bullfrog (D:7)
  6 scorpions
  A water moccasin skeleton (D:4)
  A howler monkey (D:6)
  2 bullfrog zombies (D:5)
  2 hounds
  An orc priest (D:5)
  A gnoll shaman (D:5)
  5 iguanas
  3 orc wizards
  10 gnolls
  13 adders
  2 adder skeletons (D:4)
  20 orcs
  5 bats
  12 endoplasms
  7 goblins
  6 hobgoblins
  2 jackals (D:2)
  8 kobolds
  A quokka (D:4)
  5 ball pythons
  2 rats
124 creatures vanquished.

Vanquished Creatures (others)
  A goblin (D:7)
  2 fungi (D:4)
3 creatures vanquished.

Grand Total: 127 creatures vanquished

Notes
Turn   | Place    | Note
-------+----------+-------------------------------------------
     0 | D:1      | pkoi the Troll Fighter began the quest for the Orb.
     0 | D:1      | Reached XP level 1. HP: 22/22 MP: 0/0
   293 | D:1      | Reached XP level 2. HP: 29/29 MP: 1/1
   293 | D:1      | Found a faded altar of an unknown god.
   298 | D:1      | Identified the +5 hand axe of Veluru {flame, rC++}
   648 | D:2      | Reached skill level 3 in Unarmed Combat
   653 | D:2      | Reached skill level 1 in Throwing
   830 | D:2      | Reached XP level 3. HP: 36/36 MP: 2/2
  1047 | D:2      | Reached XP level 4. HP: 42/44 MP: 3/3
  1423 | D:3      | Identified a scroll of acquirement
  1423 | D:3      | Acquired the +1 cloak "Zuot" {Int+6}
  1505 | D:3      | Found a sparkling altar of Nemelex Xobeh.
  1544 | D:3      | Became a worshipper of Nemelex Xobeh the Trickster
  2007 | D:4      | Reached skill level 4 in Unarmed Combat
  2007 | D:4      | Reached XP level 5. HP: 42/50 MP: 4/4
  2014 | D:4      | Noticed an ogre
  2048 | D:4      | Found a radiant altar of Vehumet.
  2079 | D:4      | Killed an ogre
  2080 | D:4      | Reached skill level 1 in Invocations
  2144 | D:4      | Reached XP level 6. HP: 59/59 MP: 5/5
  2174 | D:4      | Reached skill level 5 in Unarmed Combat
  2418 | D:4      | Reached XP level 7. HP: 65/66 MP: 7/7
  2487 | D:4      | Found a staircase to the Ecumenical Temple.
  2496 | Temple   | Entered the Ecumenical Temple
  3314 | D:5      | Entered Level 5 of the Dungeon
  3328 | D:5      | Reached skill level 5 in Throwing
  3337 | D:5      | Reached skill level 6 in Unarmed Combat
  3404 | D:5      | Reached * piety under Nemelex Xobeh
  3598 | D:5      | Reached XP level 8. HP: 74/74 MP: 9/9
  3877 | D:5      | Found Isik's Antique Armour Emporium.
  3884 | D:5      | Bought a glowing hat for 210 gold pieces
  4096 | D:6      | Reached skill level 7 in Unarmed Combat
  4401 | D:6      | Received a gift from Nemelex Xobeh
  4816 | D:7      | Reached ** piety under Nemelex Xobeh
  4819 | D:7      | Noticed a hornet
  4823 | D:7      | Paralysed by a hornet for 3 turns
  4823 | D:7      | Noticed Menkaure
  4828 | D:7      | a hornet changed into a swamp drake
  4831 | D:7      | Reached skill level 5 in Shields
  4835 | D:7      | Killed from afar by Menkaure

Illustrated notes

Levels and vault maps discovered:
D:1:      amcnicky_arrival_wind_blow, layout_basic,
          hellmonk_ecumenical_altar_lost_god
D:2:      layout_basic, lightli_corner_chamber
D:3:      layout_loops_ring, mainiacjoe_overflow_alcove_4, serial_park_tiny_pond
D:4:      old_forge, layout_cave_pods, mainiacjoe_overflow_24_doors,
          minmay_temple_entry_antechambers, corexii_corridor_pit
D:5:      layout_loops_ring, serial_shops, shop
D:6:      layout_loops_cross
D:7:      layout_cave_pools, uniq_menkaure
Temple:   bh_familiar_temple

Skill      XL: |  1  2  3  4  5  6  7  8 |
---------------+-------------------------+-----
Unarmed Combat | 3 4 5 6 7 |  7.8
Throwing       | 1 2 3 4 5 6 |  6.9
Shields        | 3 4 5 |  5.0
Invocations    | 1 2 4 |  4.0
Fighting       | |  2.4
Dodging        | |  2.4

Action                   |  1- 3 |  4- 6 |  7- 9 || total
-------------------------+-------+-------+-------++-------
Melee: Unarmed           |    72 |   141 |   183 ||   396
       Hand axe          |     1 |       |       ||     1
Throw: Boomerang         |       |       |    18 ||    18
Invok: Draw Destruction  |       |       |     4 ||     4
  Use: Scroll            |       |     5 |     9 ||    14
       Potion            |       |       |     3 ||     3
Armor: Robe              |    19 |    43 |    68 ||   130
Dodge: Dodged            |    17 |    45 |    46 ||   108
Block: Kite shield       |    20 |    67 |    76 ||   163
